 Dungeon Sprint DCSS version 0.30-a0-360-g447f08457e (webtiles) character file.

Game seed: 12729734103085146087

7360 Pestilence the Fighter (level 10, 0/81 (92) HPs)
             Began as a Demonspawn Gladiator on Nov 13, 2022.
             Was a High Priest of Okawaru.
             Killed from afar by Josephine (39 damage)
             ... with a ghostly fireball
             ... in the Dungeon (Sprint IX: "|||||||||||||||||||||||||||||").
             The game lasted 00:05:47 (1548 turns).

Pestilence the Fighter (Demonspawn Gladiator)       Turns: 1548, Time: 00:05:48

HP:   0/81 (92)     AC: 28    Str: 18    XL:     10   Next: 91%
MP:   15/15         EV: 15    Int:  9    God:    Okawaru [*****.]
Gold: 3             SH:  0    Dex: 19    Spells: 9/9 levels left

rFire   . . .      SeeInvis .    a - +0 long sword
rCold   . . .      Faith    .    (no shield)
rNeg    . . .      Spirit   .    p - +0 plate armour
rPois   .          Reflect  .    c - +0 helmet
rElec   .          Harm     .    (no cloak)
rCorr   .          Rampage  .    o - +0 pair of gloves
Will    .....      NoTele   +    g - +0 pair of boots
Stlth   ..........               (no amulet)
HPRegen 0.33/turn                q - +3 ring of dexterity
MPRegen 0.28/turn                r - +2 ring of protection

@: heroic, slowed, heavily drained, very slow
A: claws 2, icy blue scales 2, powered by death 1, magic regeneration
a: Renounce Religion, Heroism, Finesse


You were in the Dungeon.
You worshipped Okawaru.
Okawaru was extremely pleased with you.
You visited 1 branch You collected 3 gold pieces.

Inventory:

Hand Weapons
 a - a +0 long sword (weapon)
Missiles
 d - 3 throwing nets (quivered)
 e - 3 javelins
Armour
 c - a +0 helmet (worn)
 g - a +0 pair of boots (worn)
 o - a +0 pair of gloves (worn)
 p - a +0 plate armour (worn)
Jewellery
 q - a +3 ring of dexterity (left hand)
 r - a +2 ring of protection (right hand)
Scrolls
 k - 2 scrolls of blinking
 m - 2 scrolls of amnesia
 t - 2 scrolls of identify
 u - 2 scrolls of enchant weapon
Potions
 f - 2 potions of curing
 i - 4 potions of magic
 s - a potion of mutation


   Skills:
 + Level 13.3(18.3) Fighting
 + Level 12.4(17.4) Long Blades
 - Level 1.7(6.7) Throwing
 + Level 12.1(17.1) Armour
 + Level 12.4(17.4) Dodging
 + Level 6.8 Invocations


You had 9 spell levels left.
You didn't know any spells.
Your spell library was empty.

Dungeon Overview and Level Annotations

Branches:
Dungeon (1/1)

Altars:
Cheibriados
Dithmenos
Fedhas
Gozag
Hepliaklqana
Kikubaaqudgha
Makhleb
Nemelex Xobeh
Okawaru
Qazlal
Ru
Sif Muna
Trog
Uskayaw
Vehumet
Wu Jian
Xom
Yredelemnul
Jiyva
Lugonu

Annotations:
D Josephine


Innate Abilities, Weirdness & Mutations

You have very sharp fingernails.
You are mostly covered in icy blue scales. (AC +3)
You regenerate a little health from kills.
You regenerate magic rapidly.


Message History

You feel drained.
* * * LOW HITPOINT WARNING * * *
The ghostly fireball engulfs Josephine.
Josephine completely resists.
The ghostly fireball engulfs the wraith.
The wraith completely resists.
You feel better. The wraith hits you but does no damage.
Josephine hits you but does no damage.
You are poisoned.
The wraith hits you but does no damage. Josephine barely misses you.
You feel much better.
You feel very sick. The wraith hits you but does no damage.
Josephine hits you but does no damage.
You are more poisoned.
You hit Josephine.
Josephine is lightly wounded.
You feel very sick. The wraith hits you. Josephine hits you but does no damage.
You are more poisoned.
You hit Josephine but do no damage.
Josephine is lightly wounded.
You feel very sick. The wraith barely misses you.
Josephine completely misses you.
You hit Josephine but do no damage.
Josephine is lightly wounded.
You feel very sick. The wraith misses you.
Josephine hits you with a +0 dagger of venom.
You are more poisoned.
You slash Josephine!
Josephine is lightly wounded.
You feel very sick. The wraith hits you but does no damage.
Josephine closely misses you. The wraith hits you.
The wraith drains your vigour!
You feel as though you will be slow longer.
Josephine barely misses you.
You feel better. Josephine casts a spell at you.
The ghostly flame explodes!
The ghostly fireball engulfs you!!!
You feel drained.
You die...

▓.▓.▓'▓
▓.▓[▓.▓)▓
▓.▓[▓.▓.▓
▓@▓.▓.▓)▓
▓.▓.▓.▓.▓
▓.▓'▓.▓(▓
▓W▓.▓.▓.▓
▓.▓.▓.▓'▓
▓.▓@▓.▓.▓
▓W@W▓...▓
▓▓▓▓▓▓▓▓▓


You could see Josephine and 2 wraiths.

Vanquished Creatures
  A boulder beetle (D)
  A death yak (D)
  A skeletal warrior (D)
  2 cyclopes (D)
  A black mamba (D)
  3 cane toads (D)
  A kobold demonologist (D)
  A rime drake (D)
  4 komodo dragons (D)
  A slime creature (D)
  A blink frog (D)
  A tyrant leech (D)
  A shadow (D)
  2 yaks (D)
  2 basilisks (D)
  3 vampire mosquitoes (D)
  An acid dragon (D)
  2 water moccasins (D)
  5 bullfrogs (D)
  A howler monkey (D)
  2 jellies (D)
  An orc wizard (D)
  3 dart slugs (D)
  An orc (D)
  A goblin (D)
  2 quokkas (D)
45 creatures vanquished.

Notes
Turn   | Place    | Note
-------+----------+-------------------------------------------
     0 | D        | Pestilence the Demonspawn Gladiator began the quest for the
                  | Orb.
     0 | D        | Reached XP level 1. HP: 16/16 MP: 1/1
     9 | D        | Reached skill level 1 in Armour
    16 | D        | Gained mutation: You have sharp fingernails. [demonic
                  | ancestry]
    16 | D        | Reached XP level 2. HP: 8/23 MP: 2/2
    87 | D        | Reached skill level 3 in Fighting
    87 | D        | Gained mutation: You are partially covered in icy blue
                  | scales. (AC +2) [demonic ancestry]
    87 | D        | Reached XP level 3. HP: 29/30 MP: 3/3
    94 | D        | Reached skill level 4 in Fighting
   104 | D        | Reached XP level 4. HP: 26/38 MP: 4/4
   163 | D        | Found a snail-covered altar of Cheibriados.
   163 | D        | Found a shadowy altar of Dithmenos.
   163 | D        | Found a blossoming altar of Fedhas.
   163 | D        | Found an opulent altar of Gozag.
   164 | D        | Found a hazy altar of Hepliaklqana.
   165 | D        | Found a viscous altar of Jiyva.
   166 | D        | Found an ancient bone altar of Kikubaaqudgha.
   167 | D        | Found a corrupted altar of Lugonu.
   168 | D        | Found a burning altar of Makhleb.
   169 | D        | Found a sparkling altar of Nemelex Xobeh.
   170 | D        | Found an iron altar of Okawaru.
   171 | D        | Found a stormy altar of Qazlal.
   172 | D        | Found a sacrificial altar of Ru.
   173 | D        | Found a shimmering blue altar of Sif Muna.
   174 | D        | Found a bloodstained altar of Trog.
   175 | D        | Found a hide-covered altar of Uskayaw.
   176 | D        | Found a radiant altar of Vehumet.
   177 | D        | Found an ornate altar of the Wu Jian Council.
   178 | D        | Found a shimmering altar of Xom.
   180 | D        | Became a worshipper of Warmaster Okawaru
   182 | D        | Found a basalt altar of Yredelemnul.
   230 | D        | Noticed a komodo dragon
   230 | D        | Noticed a yak
   230 | D        | Noticed a shadow
   230 | D        | Noticed a vampire mosquito
   230 | D        | Noticed a komodo dragon
   235 | D        | Killed a vampire mosquito
   236 | D        | Reached skill level 6 in Fighting
   236 | D        | Reached skill level 5 in Armour
   236 | D        | Gained mutation: You regenerate a little health from kills.
                  | [demonic ancestry]
   236 | D        | Reached XP level 5. HP: 33/46 MP: 5/5
   239 | D        | Killed a komodo dragon
   240 | D        | Reached skill level 7 in Fighting
   240 | D        | Gained mutation: You have very sharp fingernails. [demonic
                  | ancestry]
   240 | D        | Reached XP level 6. HP: 37/56 MP: 6/6
   243 | D        | Killed a komodo dragon
   243 | D        | Reached * piety under Okawaru
   244 | D        | Reached skill level 8 in Fighting
   244 | D        | Reached XP level 7. HP: 29/63 MP: 7/7
   248 | D        | Killed a yak
   250 | D        | Killed a shadow
   250 | D        | Reached ** piety under Okawaru
   251 | D        | Reached skill level 9 in Fighting
   251 | D        | Gained mutation: You are mostly covered in icy blue scales.
                  | (AC +3) [demonic ancestry]
   251 | D        | Reached XP level 8. HP: 40/71 MP: 8/8
   338 | D        | Noticed a slime creature
   338 | D        | Noticed a skeletal warrior
   338 | D        | Noticed a cyclops
   338 | D        | Noticed a kobold demonologist
   338 | D        | Noticed a cyclops
   345 | D        | Killed a slime creature
   345 | D        | Killed a cyclops
   346 | D        | Reached skill level 10 in Fighting
   346 | D        | Noticed a hellwing
   346 | D        | Killed a cyclops
   346 | D        | Reached *** piety under Okawaru
   347 | D        | Gained mutation: You regenerate magic rapidly. [demonic
                  | ancestry]
   347 | D        | Reached XP level 9. HP: 65/79 MP: 9/9
   347 | D        | Killed a kobold demonologist
   348 | D        | Reached skill level 10 in Long Blades
   348 | D        | Reached skill level 10 in Dodging
   379 | D        | Killed a skeletal warrior
   379 | D        | Reached **** piety under Okawaru
   380 | D        | Reached skill level 11 in Fighting
   380 | D        | Reached skill level 10 in Armour
   729 | D        | Noticed a cane toad
   741 | D        | Noticed a rime drake
   743 | D        | Noticed a komodo dragon
   747 | D        | Killed a cane toad
   747 | D        | Reached ***** piety under Okawaru
   772 | D        | Killed a rime drake
   773 | D        | Reached skill level 12 in Fighting
   773 | D        | Reached XP level 10. HP: 65/89 MP: 10/10
   898 | D        | Noticed a death yak
   898 | D        | Noticed a catoblepas
   903 | D        | Noticed a boulder beetle
   959 | D        | Noticed a black mamba
   971 | D        | Killed a death yak
  1033 | D        | Received a gift from Okawaru
  1087 | D        | Killed a black mamba
  1131 | D        | Killed a boulder beetle
  1132 | D        | Reached skill level 5 in Invocations
  1341 | D        | Noticed a cane toad
  1341 | D        | Noticed a cane toad
  1351 | D        | Killed a cane toad
  1352 | D        | Reached skill level 13 in Fighting
  1363 | D        | Killed a cane toad
  1522 | D        | Noticed Josephine
  1548 | D        | Killed from afar by Josephine

Illustrated notes

Levels and vault maps discovered:
D:        linesprint [early_d, line_temple, items_1, d_10, items_2, lair_1,
          lair_end, items_3, orc_1, orc_end, items_4, d_15, swamp_1, shoals_1,
          snake_1, spider_1, d_20, vaults_1, items_5, swamp_end, shoals_end,
          snake_end, spider_end, vaults_end, d_27, items_6, zot_1, zot_end,
          crypt_end, forest_end, elf_end, slime_end, tomb_end, abyss_end,
          pan_hell_end]

Skill      XL: |  1  2  3  4  5  6  7  8  9 10 |
---------------+-------------------------------+-----
Long Blades    | 3 4 6 7 8 9 11 12 | 12.4
Armour         | 1 2 3 5 6 7 8 9 10 12 | 12.1
Dodging        | 3 4 6 7 8 9 11 12 | 12.4
Fighting       | 3 4 6 7 8 9 10 12 13 | 13.3
Invocations    | 6 |  6.8
Throwing       | |  1.7

Action                   |  1- 3 |  4- 6 |  7- 9 | 10-12 || total
-------------------------+-------+-------+-------+-------++-------
Melee: Long sword        |    28 |    17 |    69 |   189 ||   303
       Punch             |       |       |       |     8 ||     8
Invok: Heroism           |       |       |     1 |     8 ||     9
       Finesse           |       |       |       |     1 ||     1
Evoke: Wand              |       |     3 |     7 |       ||    10
  Use: Potion            |     1 |       |     4 |    13 ||    18
       Scroll            |       |       |       |     2 ||     2
 Stab: Petrified         |       |       |       |    13 ||    13
       Invisible         |       |       |       |     3 ||     3
       Petrifying        |       |       |       |     1 ||     1
Armor: Leather armour    |     5 |       |       |       ||     5
       Plate armour      |       |     6 |    25 |    83 ||   114
Dodge: Dodged            |    16 |     8 |    20 |    79 ||   123

Table legend: (Time is in decaauts)
 A = Elapsed time spent in this place.
 B = Non-inter-level travel time spent in this place.
 C = Inter-level travel time spent in this place.
 D = Time resting spent in this place.
 E = Time spent auto-exploring this place.
 F = Levels seen in this place.
 G = Mean time per level.
                   A        B        C        D        E       F      G
               +--------+--------+--------+--------+--------+-----+--------+
         Total |   1497 |   1497 |      0 |    787 |      0 |   1 | 1497.0 |
       Dungeon |   1497 |   1497 |      0 |    787 |      0 |   1 | 1497.0 |
               +--------+--------+--------+--------+--------+-----+--------+

Top non-repeatable levels by time:
       D: 1497 daAuts
